 Dungeon Crawl Stone Soup version 0.30-a0-1016-gfb0d676c02 (webtiles) character file.

Game seed: 6310098171305085043

678 Antologik the Chopper (level 7, -3/60 HPs)
             Began as a Minotaur Berserker on Apr 6, 2023.
             Was a Priest of Trog.
             Succumbed to a water moccasin's poison
             ... on level 5 of the Dungeon on Apr 7, 2023.
             The game lasted 00:40:24 (4402 turns).

Antologik the Chopper (Minotaur Berserker)          Turns: 4402, Time: 00:40:25

Health: -3/60      AC: 10    Str: 24    XL:     7   Next: 34%
Magic:  6/6        EV: 10    Int:  4    God:    Trog [***...]
Gold:   48         SH:  0    Dex:  9    Spells: 6/6 levels left

rFire   x . .      SeeInvis .    a - +0 spear (spect)
rCold   + . .      Faith    .    (no shield)
rNeg    . . .      Spirit   .    g - +2 scale mail
rPois   .          Reflect  .    (helmet restricted)
rElec   .          Rampage  .    (no cloak)
rCorr   .                        F - +0 pair of gloves
Will    +++..                    (no boots) Stlth
                                 (no amulet)
HPRegen 1.30/turn                n - ring of ice
MPRegen 0.10/turn                u - ring of willpower

@: lethally poisoned (-3 -> -10), marked, strong-willed, on berserk cooldown,
regenerating, slowed, very slow
A: horns 2, retaliatory headbutt
a: Renounce Religion, Berserk, Trog's Hand


You were on level 5 of the Dungeon.
You worshipped Trog.
Trog was most pleased with you.
You visited 1 branch of the dungeon, and saw 5 of its levels.
You also visited: Sewer.

You collected 363 gold pieces.
You spent 315 gold pieces at shops.

Inventory:

Hand Weapons
 a - a +0 spectral spear (weapon)
 j - a +1 dagger of holy wrath
 l - a +0 long sword
 v - a +0 battleaxe
 D - a +0 spear
 E - a +2 dagger of speed
 J - a +2 whip of holy wrath
 N - a +1 spear of flaming
Missiles
 i - 2 datura-tipped darts (quivered)
 o - 7 poisoned darts
 C - 21 stones
 M - a throwing net
Armour
 b - a +0 animal skin
 g - a +2 scale mail (worn)
 F - a +0 pair of gloves (worn)
Jewellery
 n - a ring of ice (left hand)
 u - a ring of willpower (right hand)
 H - a ring of wizardry
 L - a +6 ring of dexterity
Wands
 I - a wand of flame (9)
Scrolls
 c - 2 scrolls of vulnerability {unknown}
 d - a scroll of immolation {unknown}
 f - 8 scrolls of identify {unknown}
 k - a scroll of amnesia {unknown}
 m - 6 scrolls of teleportation
 p - a scroll of poison {unknown}
 q - a scroll of enchant weapon {unknown}
 w - 2 scrolls of noise
 y - a scroll of fear {unknown}
 z - a scroll of fog {unknown}
 A - 2 scrolls of blinking {unknown}
 B - 2 scrolls of torment {unknown}
 G - a scroll of butterflies {unknown}
Potions
 e - 4 potions of curing
 h - 2 potions of brilliance {unknown}
 r - 2 potions of haste {unknown}
 s - 5 potions of flight
 t - a potion of ambrosia {unknown}
 x - a potion of degeneration
 K - a potion of heal wounds


   Skills:
 + Level 4.8 Fighting
 * Level 6.2(7.2) Axes
 + Level 5.3(6.7) Polearms
 + Level 5.0 Armour
 + Level 2.8 Dodging
 + Level 0.3 Stealth


You had 6 spell levels left.
You didn't know any spells.
Your spell library was empty.

Dungeon Overview and Level Annotations

Branches:
Dungeon (5/15)              Sewer (visited)
 Temple: D:4-7

Altars:
Yredelemnul

Shops:
D:2 =   D:3 ?   D:4 :[(!*


Innate Abilities, Weirdness & Mutations

You have a pair of horns on your head.
You reflexively headbutt those who attack you in melee.


Message History

The gnoll barely misses you.
Reach: a) +0 spear (spect)
Press: ? - help, Dir - move target, f - orc
Aim: an orc, wielding a +0 mace (about 37% to evade your +0 spectral spear)
You reach to attack!
You hit the orc.
You kill the orc!
Trog accepts your kill.
You feel extremely sick. The hound bites you but does no damage.
The water moccasin barely misses you.
Your black bear barely misses the orc. x2; Your black bear claws the orc!
The orc dies!
Trog accepts your kill. The hound barely misses you.
The orc hits you with a +1 heavy hand axe.
* * * LOW HITPOINT WARNING * * *
The gnoll misses you. The water moccasin closely misses you.
Your black bear closely misses the orc.
Your black bear claws the orc but does no damage.
Your black bear barely misses the orc.
Your Armour skill increases to level 5!
Your skin crawls.
You feel strong-willed.
You feel extremely sick. The hound bites you.
* * * LOW HITPOINT WARNING * * *
The water moccasin bites you.
* * * LOW HITPOINT WARNING * * *
Your black bear bites the orc but does no damage.
Your black bear barely misses the orc. x2; The gnoll hits you with a +0 club.
* * * LOW HITPOINT WARNING * * *
The orc misses you.
The orc hits your black bear with a +4 war axe.
The hound bites you but does no damage.
The orc hits you with a +1 heavy hand axe.
* * * LOW HITPOINT WARNING * * *
Your black bear bites the orc but does no damage.
Your black bear claws the orc.
Your black bear closely misses the orc.
The water moccasin barely misses you. The hound attacks as you move away!
The hound bites you but does no damage.
You die...

#...... .... #.......
.... #......# .....
.o...# ..... #.h.#
...... #.o)##......
#..S)h......
##########..o.##.....
#..........h@og# ###
#........#####O#####
#).......#........)#
###........#!#.#†#.#$#
#.......##.##.......#
#............###.#.###
..............# ......
......#.#...#.#
.#.#.##
.........<..#..## ..##


You could see a water moccasin (ally target), an ogre, 2 hounds, a gnoll, 4 orcs
and a friendly black bear (summoned, berserk).

Vanquished Creatures
  A black bear (D:4)
  A centaur (D:5)
  2 scorpions
  A hound (D:4)
  An iguana (D:5)
  An orc wizard (D:4)
  4 gnolls (D:5)
  9 adders
  5 river rats (Sewer)
  5 worms
  A dart slug (D:3)
  6 orcs
  8 endoplasms
  7 giant cockroaches
  5 goblins
  8 hobgoblins
  10 jackals
  4 quokkas
  18 ball pythons
  15 bats
  2 frilled lizards
  6 kobolds
  5 rats
125 creatures vanquished.

Vanquished Creatures (collateral kills)
  An adder (D:5)
  An orc (D:5)
2 creatures vanquished.

Grand Total: 127 creatures vanquished

Notes
Turn   | Place    | Note
-------+----------+-------------------------------------------
     0 | D:1      | Antologik the Minotaur Berserker began the quest for the
                  | Orb.
     0 | D:1      | Reached XP level 1. HP: 19/19 MP: 0/0
   259 | D:1      | Reached XP level 2. HP: 25/27 MP: 1/1
   280 | D:1      | Found a faded altar of an unknown god.
   556 | D:1      | Reached ** piety under Trog
   614 | D:1      | Reached XP level 3. HP: 31/33 MP: 2/2
  1096 | D:2      | Found Araefov's Jewellery Boutique.
  1297 | D:2      | Reached XP level 4. HP: 35/41 MP: 3/3
  1534 | D:2      | You fall into a shaft and drop 1 floor!
  1535 | D:3      | Found a glowing drain.
  1563 | Sewer    | Entered a sewer
  1577 | Sewer    | Reached skill level 5 in Polearms
  1629 | Sewer    | Reached skill level 1 in Axes
  1667 | Sewer    | Reached *** piety under Trog
  1688 | Sewer    | Reached skill level 2 in Axes
  1688 | Sewer    | Reached XP level 5. HP: 33/47 MP: 4/4
  1880 | Sewer    | Reached skill level 3 in Axes
  2691 | D:3      | Found Iwuqo's Magic Scroll Shop.
  2718 | D:3      | Bought a scroll of teleportation for 33 gold pieces
  2718 | D:3      | Bought a scroll of enchant armour for 82 gold pieces
  3194 | D:3      | Bought a scroll of brand weapon for 104 gold pieces
  3251 | D:4      | Found Nodukkos's Antique Weapon Boutique.
  3262 | D:4      | Noticed a black bear
  3277 | D:4      | Killed a black bear
  3278 | D:4      | Reached skill level 4 in Axes
  3278 | D:4      | Reached XP level 6. HP: 44/53 MP: 5/5
  3294 | D:4      | Upgraded the game from 0.30-a0-1014-g3371b13838 to
                  | 0.30-a0-1016-gfb0d676c02
  3435 | D:4      | Reached skill level 5 in Axes
  3485 | D:4      | Found Korutrij's Distillery.
  3599 | D:4      | Bought a potion of curing for 36 gold pieces
  3837 | D:4      | Found Toisu's Book Shop.
  3840 | D:4      | Found Diteofid's Armour Emporium.
  4016 | D:4      | Found a basalt altar of Yredelemnul.
  4103 | D:4      | Found Bith's Assorted Antiques.
  4297 | D:4      | Bought a potion of heal wounds for 60 gold pieces
  4316 | D:5      | Entered Level 5 of the Dungeon
  4343 | D:5      | Reached **** piety under Trog
  4353 | D:5      | Reached XP level 7. HP: 56/60 MP: 6/6
  4383 | D:5      | Reached skill level 6 in Axes
  4401 | D:5      | Reached skill level 5 in Armour
  4401 | D:5      | HP: 3/60 [water moccasin (6)]
  4401 | D:5      | HP: 1/60 [orc/+1 heavy hand axe (1)]
  4402 | D:5      | Succumbed to a water moccasin's poison

Illustrated notes

Levels and vault maps discovered:
D:1:      ncdulo_halloftheorcs, layout_basic, ebering_ecumenical_altar_hall
D:2:      layout_basic, serial_shops, nicolae_shop_waterfront
D:3:      layout_rooms, serial_shops, shop, cheibrodos_sewer_entry_bend
D:4:      layout_basic, mainiacjoe_overflow_boulevard, serial_shops,
          nicolae_diamond_shop, kennysheep_little_box, shop,
          nicolae_stop_n_shop_1, shop_coins
D:5:      minmay_spotlight, layout_basic, mainiacjoe_overflow_chevrons,
          minmay_fractal_squares_diagonal_5

Skill      XL: |  1  2  3  4  5  6  7 |
---------------+----------------------+-----
Polearms       | 4 5 |  5.3
Fighting       | 4 |  4.8
Armour         | 3 4 5 |  5.0
Axes           | 2 4 5 6 |  6.2
Dodging        | |  2.8
Stealth        | |  0.3

Action                     |  1- 3 |  4- 6 |  7- 9 || total
---------------------------+-------+-------+-------++-------
  Melee: Spear             |   121 |    86 |    12 ||   219
         Headbutt          |    10 |    19 |     1 ||    30
         Battleaxe         |       |   102 |       ||   102
  Throw: Dart              |     3 |     1 |       ||     4
 Invoke: Berserk           |       |     2 |     1 ||     3
         Trog's Hand       |       |       |     2 ||     2
         Brothers in Arms  |       |       |     1 ||     1
    Use: Scroll            |       |     3 |       ||     3
         Potion            |       |     1 |       ||     1
   Stab: Distracted        |       |     1 |       ||     1
 Armour: Scale mail        |    39 |   108 |    17 ||   164
         Animal skin       |     2 |       |       ||     2
  Dodge: Dodged            |    52 |   147 |    21 ||   220

Table legend: (Time is in decaauts)
 A = Elapsed time spent in this place.
 B = Non-inter-level travel time spent in this place.
 C = Inter-level travel time spent in this place.
 D = Time resting spent in this place.
 E = Time spent auto-exploring this place.
 F = Levels seen in this place.
 G = Mean time per level.
                   A        B        C        D        E       F      G
               +--------+--------+--------+--------+--------+-----+--------+
         Total |   4783 |   2695 |   2088 |      0 |    781 |   6 |  797.2 |
       Dungeon |   3283 |   1195 |   2088 |      0 |    638 |   5 |  656.6 |
         Sewer |   1499 |   1499 |      0 |      0 |    143 |   1 | 1499.0 |
               +--------+--------+--------+--------+--------+-----+--------+

Top non-repeatable levels by time:
   Sewer: 1499 daAuts
     D:4: 1059 daAuts
     D:1: 857 daAuts
     D:2: 660 daAuts
     D:3: 623 daAuts
     D:5: 82 daAuts
